[ PARTIDA AOE2 · #492836952 ]
UnrankedGodos vs Romans
Equipo del jugador · DERR
[ ANÁLISIS DE REPETICIÓN · EXTRAÍDO DE LA PARTIDA GRABADA ]
Feudal
12:22
Castillos
16:18
Imperial
36:19
| APM promedio | 11.0 |
| APM pico | 36 |
| eAPM promedio | 7.7 |
| Aldeanos / militares | 103 / 312 |
Foco
⚔️ 31.7% · 🌾 68.3%
Huskarl ×285 · Spearman ×27 · Trade Cart ×2
Feudal
10:44
Castillos
17:46
Imperial
33:45
| APM promedio | 27.7 |
| APM pico | 62 |
| eAPM promedio | 16.9 |
| Aldeanos / militares | 181 / 275 |
Foco
⚔️ 31.3% · 🌾 68.7%
Scorpion ×266 · Trebuchet (Packed) ×5 · Knight ×4
Feudal
12:25
Castillos
26:11
Imperial
45:04
| APM promedio | 25.6 |
| APM pico | 62 |
| eAPM promedio | 16.1 |
| Aldeanos / militares | 127 / 148 |
Foco
⚔️ 31.6% · 🌾 68.4%
Spearman ×87 · Longbowman ×61
Feudal
9:12
Castillos
21:53
Imperial
37:31
| APM promedio | 27.0 |
| APM pico | 90 |
| eAPM promedio | 11.3 |
| Aldeanos / militares | 132 / 164 |
Foco
⚔️ 31.8% · 🌾 68.2%
Steppe Lancer ×95 · Battering Ram ×44 · Scout Cavalry ×24 · Trade Cart ×10 · Trebuchet (Packed) ×1
Feudal
13:19
Castillos
26:57
Imperial
39:45
| APM promedio | 12.8 |
| APM pico | 35 |
| eAPM promedio | 7.3 |
| Aldeanos / militares | 100 / 47 |
Foco
⚔️ 34.0% · 🌾 66.0%
Unknown (1944) ×59 · Skirmisher ×29 · Unknown (1968) ×21 · Scout Cavalry ×18 · Unknown (1942) ×3
Feudal
11:45
Castillos
17:22
Imperial
40:16
| APM promedio | 26.7 |
| APM pico | 113 |
| eAPM promedio | 9.1 |
| Aldeanos / militares | 106 / 122 |
Foco
⚔️ 28.0% · 🌾 72.0%
Chakram Thrower ×64 · Camel Scout ×57 · Trade Cart ×5 · Shrivamsha Rider ×1
Feudal
12:14
Castillos
34:28
Imperial
46:12
| APM promedio | 22.5 |
| APM pico | 60 |
| eAPM promedio | 15.1 |
| Aldeanos / militares | 146 / 214 |
Foco
⚔️ 30.7% · 🌾 69.3%
Archer ×146 · Camel Scout ×67 · Trade Cart ×34 · Militia ×1
Feudal
12:10
Castillos
28:07
Imperial
39:01
| APM promedio | 22.0 |
| APM pico | 51 |
| eAPM promedio | 15.7 |
| Aldeanos / militares | 127 / 492 |
Foco
⚔️ 43.3% · 🌾 56.7%
Konnik ×164 · Skirmisher ×152 · Scout Cavalry ×85 · Militia ×47 · Knight ×20 · Spearman ×20
Mapa de la partida
Recursos iniciales + cada clic de construcción. Líneas = muros · curvas = relieve. ◆ oro · ⬟ piedra · ● bayas · ✦ reliquia · ◌ hueco del cierre
Tu base· Abierta — flanco sin cerrar
Base de Six· Abierta — flanco sin cerrar
Base de vitavidal91· ✓ Cerrada en 26:11 · 76t muro · sin puerta
Base de Sculpted Plectrum· Abierta — el rival se encerró
Base de GuilleLeopold17· ✓ Cerrada en 26:57 · 78t muro · sin puerta
Base de big B· Abierta — flanco sin cerrar
Base de Blackice· ✓ Cerrada en 34:28 · 20t muro · 1 puerta(s)
Base de felipegarcia92· ✓ Cerrada en 28:07 · 0t muro · sin puerta
Terreno inicial suavizado · ◌ = hueco del cierre detectado · pasá el cursor para detalles
Inputs por minuto
— tatomagallanes - - Six
Build order — tatomagallanes
Primeras 150 de 357 acciones detectadas
| 0:02 | Crear | Villager (Male) |
| 0:03 | Crear | Villager (Male) |
| 0:03 | Crear | Villager (Male) |
| 0:03 | Crear | Villager (Male) |
| 0:03 | Crear | Villager (Male) |
| 0:08 | Construir | House |
| 0:14 | Construir | House |
| 1:24 | Crear | Villager (Male) |
| 2:07 | Crear | Villager (Male) |
| 2:13 | Investigar | Loom |
| 2:34 | Crear | Villager (Male) |
| 3:07 | Crear | Villager (Male) |
| 3:07 | Crear | Villager (Male) |
| 3:15 | Crear | Villager (Male) |
| 3:21 | Construir | Mill |
| 3:54 | Crear | Villager (Male) |
| 4:09 | Construir | House |
| 4:29 | Crear | Villager (Male) |
| 4:29 | Crear | Villager (Male) |
| 4:53 | Construir | Lumber Camp |
| 5:02 | Crear | Villager (Male) |
| 5:02 | Crear | Villager (Male) |
| 5:02 | Crear | Villager (Male) |
| 5:43 | Crear | Villager (Male) |
| 5:43 | Crear | Villager (Male) |
| 6:27 | Crear | Villager (Male) |
| 6:27 | Crear | Villager (Male) |
| 6:27 | Crear | Villager (Male) |
| 6:34 | Construir | House |
| 7:00 | Construir | House |
| 7:25 | Crear | Villager (Male) |
| 7:25 | Crear | Villager (Male) |
| 7:25 | Crear | Villager (Male) |
| 7:48 | Construir | Farm |
| 7:49 | Construir | Farm |
| 8:09 | Crear | Villager (Male) |
| 8:09 | Crear | Villager (Male) |
| 8:15 | Construir | Farm |
| 8:31 | Construir | Mill |
| 8:50 | Construir | Farm |
| 9:29 | Construir | Mining Camp |
| 9:33 | Crear | Villager (Male) |
| 9:43 | Investigar | Feudal Age |
| 11:04 | Crear | Villager (Male) |
| 11:04 | Crear | Villager (Male) |
| 11:04 | Crear | Villager (Male) |
| 12:22 | Edad | Edad Feudal |
| 12:25 | Construir | Market |
| 12:38 | Construir | Blacksmith |
| 13:38 | Investigar | Castle Age |
| 15:12 | Construir | Mining Camp |
| 15:17 | Investigar | Gold Mining |
| 15:21 | Investigar | Stone Mining |
| 15:23 | Investigar | Double-Bit Axe |
| 15:27 | Investigar | Horse Collar |
| 15:45 | Construir | Farm |
| 15:51 | Construir | Farm |
| 16:18 | Edad | Edad de los Castillos |
| 16:39 | Crear | Villager (Male) |
| 16:39 | Crear | Villager (Male) |
| 16:39 | Crear | Villager (Male) |
| 16:40 | Crear | Villager (Male) |
| 16:49 | Construir | House |
| 17:01 | Construir | Town Center |
| 17:56 | Crear | Villager (Male) |
| 17:56 | Crear | Villager (Male) |
| 18:21 | Crear | Villager (Male) |
| 18:22 | Crear | Villager (Male) |
| 18:29 | Construir | Farm |
| 18:31 | Construir | Farm |
| 18:39 | Construir | Farm |
| 18:51 | Construir | Farm |
| 18:55 | Crear | Villager (Male) |
| 18:55 | Crear | Villager (Male) |
| 18:55 | Crear | Villager (Male) |
| 19:21 | Crear | Villager (Male) |
| 19:22 | Crear | Villager (Male) |
| 19:29 | Construir | Farm |
| 19:31 | Crear | Villager (Male) |
| 19:32 | Crear | Villager (Male) |
| 19:33 | Crear | Villager (Male) |
| 19:40 | Construir | House |
| 19:47 | Construir | House |
| 19:50 | Construir | House |
| 20:27 | Crear | Villager (Male) |
| 20:27 | Crear | Villager (Male) |
| 20:33 | Construir | Farm |
| 20:35 | Construir | Farm |
| 20:41 | Construir | House |
| 20:41 | Construir | House |
| 20:41 | Construir | House |
| 20:42 | Construir | House |
| 20:43 | Construir | House |
| 20:44 | Construir | House |
| 20:46 | Construir | House |
| 20:47 | Construir | House |
| 21:06 | Construir | Town Center |
| 21:23 | Construir | Barracks |
| 21:30 | Crear | Villager (Male) |
| 21:31 | Crear | Villager (Male) |
| 21:34 | Crear | Villager (Male) |
| 21:34 | Crear | Villager (Male) |
| 21:42 | Construir | Farm |
| 21:57 | Investigar | Scale Mail Armor |
| 22:01 | Crear | Villager (Male) |
| 22:01 | Crear | Villager (Male) |
| 22:08 | Construir | Farm |
| 22:19 | Crear | Villager (Male) |
| 22:23 | Crear | Villager (Male) |
| 22:36 | Construir | Farm |
| 22:37 | Construir | Farm |
| 22:45 | Crear | Villager (Male) |
| 22:45 | Crear | Villager (Male) |
| 22:54 | Construir | Farm |
| 23:07 | Crear | Villager (Male) |
| 23:17 | Construir | Farm |
| 23:26 | Investigar | Gold Mining |
| 23:42 | Construir | Farm |
| 23:44 | Crear | Villager (Male) |
| 23:44 | Crear | Villager (Male) |
| 23:51 | Construir | Farm |
| 23:54 | Crear | Villager (Male) |
| 23:55 | Crear | Villager (Male) |
| 24:02 | Construir | Farm |
| 25:07 | Construir | Farm |
| 25:09 | Construir | Farm |
| 25:10 | Construir | Farm |
| 25:35 | Construir | Watch Tower |
| 27:05 | Construir | Castle |
| 27:30 | Investigar | Fletching |
| 27:32 | Crear | Villager (Male) |
| 27:32 | Crear | Villager (Male) |
| 27:36 | Investigar | Wheelbarrow |
| 27:44 | Investigar | Squires |
| 27:50 | Investigar | Chain Mail Armor |
| 27:52 | Investigar | Bodkin Arrow |
| 28:16 | Crear | Villager (Male) |
| 28:16 | Crear | Villager (Male) |
| 28:16 | Crear | Villager (Male) |
| 28:21 | Crear | Villager (Male) |
| 28:21 | Crear | Villager (Male) |
| 28:25 | Crear | Villager (Male) |
| 28:25 | Crear | Villager (Male) |
| 28:26 | Crear | Villager (Male) |
| 29:05 | Crear | Huskarl |
| 29:05 | Crear | Huskarl |
| 29:05 | Crear | Huskarl |
| 29:05 | Crear | Huskarl |
| 29:06 | Crear | Huskarl |
| 29:06 | Crear | Huskarl |
Build order — Six
Primeras 150 de 314 acciones detectadas
| 0:04 | Construir | House |
| 0:05 | Construir | House |
| 0:09 | Crear | Villager (Male) ×4 |
| 0:09 | Crear | Villager (Male) ×4 |
| 0:33 | Construir | House |
| 0:34 | Construir | House |
| 1:27 | Crear | Villager (Male) |
| 2:01 | Crear | Villager (Male) |
| 2:02 | Crear | Villager (Male) |
| 2:02 | Crear | Villager (Male) |
| 2:19 | Construir | Lumber Camp |
| 2:32 | Crear | Villager (Male) |
| 2:32 | Crear | Villager (Male) |
| 3:01 | Crear | Villager (Male) |
| 3:22 | Crear | Villager (Male) |
| 3:22 | Crear | Villager (Male) |
| 3:30 | Crear | Villager (Male) |
| 4:09 | Crear | Villager (Male) |
| 4:10 | Crear | Villager (Male) |
| 4:22 | Crear | Villager (Male) |
| 4:23 | Crear | Villager (Male) |
| 4:37 | Crear | Villager (Male) ×2 |
| 4:37 | Crear | Villager (Male) ×2 |
| 5:43 | Crear | Villager (Male) |
| 6:13 | Construir | House |
| 6:20 | Crear | Villager (Male) |
| 6:29 | Construir | Mill |
| 6:48 | Crear | Villager (Male) |
| 7:17 | Crear | Villager (Male) |
| 7:43 | Crear | Villager (Male) |
| 8:05 | Crear | Villager (Male) |
| 8:16 | Construir | Mill |
| 8:34 | Investigar | Feudal Age |
| 10:32 | Construir | Lumber Camp |
| 10:44 | Edad | Edad Feudal |
| 10:49 | Crear | Villager (Male) |
| 10:50 | Crear | Villager (Male) |
| 10:50 | Crear | Villager (Male) |
| 11:36 | Crear | Villager (Male) |
| 11:48 | Construir | Mining Camp |
| 11:56 | Construir | Farm |
| 11:56 | Construir | Farm |
| 11:57 | Construir | Farm |
| 11:59 | Construir | Farm |
| 12:00 | Construir | Farm |
| 12:01 | Construir | Farm |
| 12:31 | Crear | Villager (Male) |
| 12:39 | Construir | House |
| 12:44 | Construir | House |
| 12:56 | Crear | Villager (Male) |
| 13:05 | Construir | Blacksmith |
| 13:23 | Crear | Villager (Male) |
| 13:41 | Construir | Farm |
| 13:42 | Construir | Farm |
| 13:43 | Construir | Farm |
| 13:44 | Construir | Farm |
| 13:47 | Crear | Villager (Male) |
| 13:47 | Crear | Villager (Male) |
| 14:12 | Construir | Market |
| 14:38 | Construir | Mining Camp |
| 14:41 | Crear | Villager (Male) |
| 15:05 | Investigar | Castle Age |
| 15:13 | Construir | Farm |
| 15:26 | Construir | House |
| 15:31 | Construir | House |
| 15:34 | Construir | House |
| 15:39 | Construir | House |
| 15:40 | Construir | House |
| 15:42 | Construir | House |
| 15:43 | Construir | House |
| 15:49 | Construir | House |
| 15:50 | Construir | House |
| 16:05 | Construir | Farm |
| 16:50 | Investigar | Double-Bit Axe |
| 17:39 | Crear | Villager (Male) |
| 17:39 | Crear | Villager (Male) |
| 17:46 | Edad | Edad de los Castillos |
| 17:51 | Construir | Town Center |
| 18:07 | Construir | Town Center |
| 18:25 | Crear | Villager (Male) |
| 19:12 | Construir | Barracks |
| 19:19 | Crear | Villager (Male) ×5 |
| 19:19 | Crear | Villager (Male) ×5 |
| 19:19 | Crear | Villager (Male) ×4 |
| 20:07 | Crear | Villager (Male) ×3 |
| 20:07 | Crear | Villager (Male) ×3 |
| 20:14 | Construir | Farm |
| 20:15 | Construir | Farm |
| 20:16 | Construir | Farm |
| 20:17 | Construir | Farm |
| 20:18 | Construir | Farm |
| 20:19 | Construir | Farm |
| 20:20 | Construir | Farm |
| 20:44 | Crear | Villager (Male) ×2 |
| 20:44 | Crear | Villager (Male) ×2 |
| 21:00 | Construir | Stable |
| 21:07 | Crear | Villager (Male) ×2 |
| 21:07 | Crear | Villager (Male) ×2 |
| 21:32 | Crear | Villager (Male) |
| 21:33 | Crear | Villager (Male) |
| 21:40 | Crear | Villager (Male) ×5 |
| 21:41 | Crear | Villager (Male) ×5 |
| 21:41 | Crear | Villager (Male) ×4 |
| 22:03 | Construir | Gate |
| 22:08 | Crear | Knight |
| 22:10 | Crear | Knight |
| 22:10 | Crear | Knight |
| 22:18 | Construir | House |
| 22:20 | Construir | House |
| 22:24 | Crear | Villager (Male) |
| 22:24 | Crear | Villager (Male) |
| 22:30 | Construir | Farm |
| 22:31 | Construir | Farm |
| 22:34 | Construir | Mill |
| 22:55 | Crear | Knight |
| 23:04 | Crear | Villager (Male) ×2 |
| 23:04 | Crear | Villager (Male) ×2 |
| 23:04 | Crear | Villager (Male) ×2 |
| 23:08 | Construir | Farm |
| 23:34 | Crear | Villager (Male) ×5 |
| 23:34 | Crear | Villager (Male) ×5 |
| 23:34 | Crear | Villager (Male) ×2 |
| 23:46 | Construir | Farm |
| 23:47 | Construir | Farm |
| 23:49 | Construir | Farm |
| 23:50 | Construir | Farm |
| 23:52 | Construir | Farm |
| 23:53 | Construir | Farm |
| 23:54 | Construir | Farm |
| 23:56 | Construir | Farm |
| 24:11 | Crear | Villager (Male) ×3 |
| 24:11 | Crear | Villager (Male) ×3 |
| 24:39 | Crear | Villager (Male) ×3 |
| 24:39 | Crear | Villager (Male) ×3 |
| 25:15 | Construir | Castle |
| 25:21 | Crear | Villager (Male) ×4 |
| 25:21 | Crear | Villager (Male) ×4 |
| 25:37 | Construir | Farm |
| 25:38 | Construir | Farm |
| 25:39 | Construir | Farm |
| 25:40 | Construir | Farm |
| 25:42 | Construir | Farm |
| 25:43 | Construir | Farm |
| 25:44 | Construir | Farm |
| 25:44 | Construir | Farm |
| 25:47 | Construir | Mill |
| 25:54 | Crear | Villager (Male) ×4 |
| 25:55 | Crear | Villager (Male) ×4 |
| 26:10 | Construir | Siege Workshop |
| 26:12 | Construir | Siege Workshop |
Build order — vitavidal91
Primeras 150 de 529 acciones detectadas
| 0:03 | Construir | House |
| 0:05 | Construir | House |
| 0:16 | Crear | Villager (Male) |
| 0:16 | Crear | Villager (Male) |
| 0:16 | Crear | Villager (Male) |
| 0:52 | Crear | Villager (Male) |
| 1:26 | Crear | Villager (Male) |
| 1:55 | Crear | Villager (Male) |
| 2:16 | Crear | Villager (Male) |
| 2:39 | Crear | Villager (Male) |
| 3:21 | Crear | Villager (Male) |
| 3:53 | Crear | Villager (Male) |
| 4:55 | Crear | Villager (Male) |
| 5:01 | Crear | Villager (Male) |
| 5:08 | Crear | Villager (Male) |
| 5:16 | Crear | Villager (Male) |
| 5:32 | Crear | Villager (Male) |
| 5:41 | Construir | House |
| 5:46 | Investigar | Loom |
| 5:47 | Crear | Villager (Male) |
| 6:27 | Crear | Villager (Male) |
| 6:32 | Construir | Mill |
| 6:37 | Crear | Villager (Male) |
| 7:21 | Construir | Mill |
| 7:23 | Crear | Villager (Male) |
| 7:31 | Crear | Villager (Male) |
| 7:46 | Construir | Palisade Wall |
| 7:47 | Crear | Villager (Male) |
| 8:35 | Crear | Villager (Male) |
| 8:41 | Construir | House |
| 8:46 | Construir | House |
| 9:25 | Crear | Villager (Male) |
| 9:45 | Construir | Lumber Camp |
| 9:48 | Crear | Villager (Male) |
| 10:07 | Construir | Palisade Wall |
| 10:12 | Investigar | Feudal Age |
| 11:19 | Construir | Lumber Camp |
| 11:59 | Crear | Villager (Male) |
| 12:19 | Crear | Villager (Male) |
| 12:25 | Edad | Edad Feudal |
| 12:27 | Crear | Villager (Male) |
| 13:13 | Construir | Lumber Camp |
| 13:16 | Crear | Villager (Male) |
| 13:29 | Crear | Villager (Male) |
| 14:01 | Crear | Villager (Male) |
| 14:07 | Crear | Villager (Male) |
| 14:11 | Crear | Villager (Male) |
| 14:26 | Crear | Villager (Male) |
| 14:42 | Construir | House |
| 14:45 | Crear | Villager (Male) |
| 15:00 | Construir | House |
| 15:18 | Crear | Villager (Male) |
| 15:19 | Crear | Villager (Male) |
| 15:23 | Construir | Barracks |
| 15:32 | Construir | Stone Wall |
| 15:54 | Crear | Villager (Male) |
| 16:06 | Crear | Villager (Male) |
| 16:28 | Construir | Stone Wall |
| 16:44 | Crear | Spearman |
| 17:01 | Construir | Stone Wall |
| 17:07 | Construir | Stone Wall |
| 17:46 | Construir | Farm |
| 17:47 | Construir | Farm |
| 17:47 | Construir | Farm |
| 17:47 | Construir | Farm |
| 17:48 | Construir | Farm |
| 17:48 | Construir | Farm |
| 17:48 | Construir | Farm |
| 17:48 | Construir | Farm |
| 17:48 | Construir | Farm |
| 17:49 | Construir | Farm |
| 17:49 | Construir | Farm |
| 17:49 | Construir | Farm |
| 17:50 | Construir | Farm |
| 17:50 | Construir | Farm |
| 17:54 | Crear | Villager (Male) |
| 18:03 | Construir | Stone Wall |
| 18:32 | Crear | Villager (Male) |
| 18:48 | Crear | Villager (Male) |
| 18:59 | Construir | Mining Camp |
| 19:12 | Construir | Mining Camp |
| 19:20 | Crear | Villager (Male) |
| 19:49 | Crear | Villager (Male) |
| 20:13 | Crear | Villager (Male) |
| 20:39 | Crear | Villager (Male) |
| 20:46 | Crear | Villager (Male) |
| 20:50 | Construir | Farm |
| 20:56 | Construir | Stone Wall |
| 21:00 | Crear | Villager (Male) |
| 21:27 | Construir | Stone Wall |
| 21:33 | Crear | Villager (Male) |
| 21:37 | Construir | Farm |
| 21:39 | Construir | Farm |
| 21:56 | Construir | House |
| 22:01 | Construir | House |
| 22:23 | Crear | Villager (Male) |
| 22:38 | Construir | Archery Range |
| 22:40 | Crear | Villager (Male) |
| 22:45 | Construir | Blacksmith |
| 22:58 | Construir | Farm |
| 23:06 | Construir | Farm |
| 23:14 | Construir | House |
| 23:15 | Construir | House |
| 23:19 | Crear | Villager (Male) |
| 23:31 | Investigar | Castle Age |
| 23:36 | Construir | Archery Range |
| 23:58 | Construir | House |
| 24:10 | Construir | Stone Wall |
| 24:50 | Construir | Barracks |
| 24:58 | Construir | Barracks |
| 25:03 | Construir | House |
| 25:17 | Crear | Spearman |
| 25:17 | Crear | Spearman |
| 25:17 | Crear | Spearman |
| 25:34 | Crear | Spearman |
| 25:34 | Crear | Spearman |
| 25:35 | Crear | Spearman |
| 25:35 | Crear | Spearman |
| 25:36 | Crear | Villager (Male) |
| 25:36 | Crear | Villager (Male) |
| 25:42 | Crear | Spearman |
| 26:04 | Crear | Villager (Male) |
| 26:11 | Edad | Edad de los Castillos |
| 26:18 | Crear | Villager (Male) |
| 26:21 | Crear | Spearman |
| 26:28 | Crear | Spearman |
| 27:29 | Construir | Lumber Camp |
| 27:32 | Crear | Villager (Male) |
| 27:33 | Crear | Villager (Male) |
| 28:16 | Crear | Villager (Male) |
| 28:49 | Construir | Siege Workshop |
| 28:58 | Crear | Villager (Male) |
| 28:58 | Crear | Villager (Male) |
| 29:08 | Construir | Mining Camp |
| 29:25 | Construir | Town Center |
| 29:30 | Crear | Villager (Male) |
| 29:31 | Crear | Villager (Male) |
| 29:37 | Investigar | Pikeman (upgrade) |
| 29:40 | Investigar | Squires |
| 29:52 | Construir | Lumber Camp |
| 30:02 | Crear | Spearman |
| 30:03 | Crear | Spearman |
| 30:03 | Crear | Spearman |
| 30:03 | Crear | Spearman |
| 30:03 | Crear | Spearman |
| 30:04 | Crear | Spearman |
| 30:04 | Crear | Spearman |
| 30:09 | Investigar | Forging |
| 30:10 | Investigar | Scale Mail Armor |
| 30:33 | Crear | Villager (Male) |
Build order — Sculpted Plectrum
Primeras 150 de 366 acciones detectadas
| 0:01 | Crear | Villager (Male) |
| 0:01 | Crear | Villager (Male) |
| 0:01 | Crear | Villager (Male) |
| 0:03 | Construir | House |
| 0:05 | Construir | House |
| 0:22 | Crear | Villager (Male) |
| 1:25 | Crear | Villager (Male) |
| 1:25 | Crear | Villager (Male) |
| 1:53 | Construir | Lumber Camp |
| 2:00 | Crear | Villager (Male) |
| 2:00 | Crear | Villager (Male) |
| 2:31 | Crear | Villager (Male) |
| 2:32 | Crear | Villager (Male) |
| 3:00 | Crear | Villager (Male) |
| 3:00 | Crear | Villager (Male) |
| 3:21 | Crear | Villager (Male) |
| 3:37 | Crear | Villager (Male) |
| 3:37 | Crear | Villager (Male) |
| 3:42 | Construir | House |
| 4:10 | Crear | Villager (Male) |
| 4:46 | Crear | Villager (Male) |
| 4:46 | Crear | Villager (Male) |
| 4:46 | Crear | Villager (Male) |
| 4:47 | Crear | Villager (Male) |
| 5:01 | Construir | Mill |
| 5:26 | Crear | Villager (Male) |
| 5:26 | Crear | Villager (Male) |
| 5:36 | Crear | Villager (Male) |
| 5:45 | Crear | Villager (Male) |
| 5:46 | Investigar | Loom |
| 7:02 | Investigar | Feudal Age |
| 8:53 | Construir | House |
| 9:07 | Crear | Villager (Male) |
| 9:07 | Crear | Villager (Male) |
| 9:12 | Edad | Edad Feudal |
| 9:35 | Construir | Barracks |
| 9:54 | Crear | Villager (Male) |
| 9:54 | Crear | Villager (Male) |
| 10:23 | Construir | Stable |
| 10:30 | Construir | House |
| 11:00 | Crear | Villager (Male) |
| 11:00 | Crear | Villager (Male) |
| 11:00 | Crear | Villager (Male) |
| 11:15 | Crear | Scout Cavalry |
| 11:16 | Crear | Scout Cavalry |
| 11:34 | Construir | House |
| 12:02 | Construir | Farm |
| 12:02 | Construir | Farm |
| 12:02 | Construir | Farm |
| 12:09 | Investigar | Double-Bit Axe |
| 12:22 | Crear | Villager (Male) |
| 12:22 | Crear | Villager (Male) |
| 13:01 | Crear | Villager (Male) |
| 13:02 | Crear | Villager (Male) |
| 13:06 | Construir | Farm |
| 13:41 | Construir | Farm |
| 13:41 | Construir | Farm |
| 13:41 | Construir | Farm |
| 13:41 | Construir | Farm |
| 13:42 | Construir | Farm |
| 13:42 | Construir | Farm |
| 13:42 | Construir | Farm |
| 13:42 | Construir | Farm |
| 13:43 | Construir | Farm |
| 14:05 | Crear | Villager (Male) |
| 14:06 | Crear | Villager (Male) |
| 14:06 | Crear | Villager (Male) |
| 14:10 | Construir | Farm |
| 14:11 | Construir | Farm |
| 14:18 | Crear | Scout Cavalry |
| 15:29 | Crear | Villager (Male) |
| 15:29 | Crear | Villager (Male) |
| 15:29 | Crear | Villager (Male) |
| 15:59 | Construir | Mining Camp |
| 16:07 | Construir | Farm |
| 16:09 | Construir | Farm |
| 16:14 | Construir | Farm |
| 16:18 | Construir | Farm |
| 16:39 | Construir | Stone Wall |
| 17:02 | Crear | Villager (Male) |
| 17:02 | Crear | Villager (Male) |
| 17:03 | Crear | Villager (Male) |
| 17:11 | Construir | House |
| 17:15 | Construir | House |
| 17:16 | Construir | House |
| 17:23 | Investigar | Wheelbarrow |
| 17:37 | Construir | Farm |
| 18:18 | Crear | Villager (Male) |
| 18:19 | Crear | Villager (Male) |
| 18:27 | Construir | Blacksmith |
| 18:53 | Construir | Farm |
| 19:11 | Investigar | Castle Age |
| 19:29 | Investigar | Forging |
| 19:31 | Investigar | Scale Barding Armor |
| 19:44 | Construir | Stable |
| 20:17 | Construir | Stable |
| 20:28 | Investigar | Horse Collar |
| 20:47 | Crear | Villager (Male) |
| 20:49 | Crear | Villager (Male) |
| 21:00 | Investigar | Bloodlines |
| 21:38 | Construir | Farm |
| 21:53 | Edad | Edad de los Castillos |
| 21:55 | Crear | Steppe Lancer |
| 21:55 | Crear | Steppe Lancer |
| 22:00 | Investigar | Husbandry |
| 22:02 | Investigar | Chain Barding Armor |
| 22:04 | Investigar | Iron Casting |
| 22:07 | Construir | Farm |
| 22:21 | Crear | Steppe Lancer |
| 22:21 | Crear | Steppe Lancer |
| 22:22 | Crear | Steppe Lancer |
| 22:29 | Construir | House |
| 22:40 | Crear | Villager (Male) |
| 22:40 | Crear | Villager (Male) |
| 22:41 | Crear | Villager (Male) |
| 23:01 | Crear | Steppe Lancer |
| 23:01 | Crear | Steppe Lancer |
| 23:01 | Crear | Steppe Lancer |
| 23:20 | Construir | House |
| 23:22 | Crear | Steppe Lancer |
| 23:23 | Crear | Steppe Lancer |
| 23:23 | Crear | Steppe Lancer |
| 24:45 | Crear | Steppe Lancer |
| 24:45 | Crear | Steppe Lancer |
| 24:46 | Crear | Steppe Lancer |
| 24:47 | Crear | Villager (Male) |
| 24:48 | Crear | Villager (Male) |
| 24:48 | Crear | Villager (Male) |
| 24:48 | Crear | Villager (Male) |
| 25:40 | Construir | Farm |
| 26:47 | Crear | Villager (Male) |
| 26:47 | Crear | Villager (Male) |
| 26:48 | Crear | Villager (Male) |
| 26:51 | Construir | Farm |
| 26:52 | Construir | Farm |
| 26:55 | Construir | Farm |
| 27:00 | Construir | House |
| 27:01 | Construir | House |
| 27:02 | Construir | House |
| 27:02 | Construir | House |
| 27:02 | Construir | House |
| 27:02 | Construir | House |
| 27:02 | Construir | House |
| 27:14 | Crear | Steppe Lancer |
| 27:14 | Crear | Steppe Lancer |
| 27:14 | Crear | Steppe Lancer |
| 27:44 | Investigar | Bow Saw |
| 27:50 | Construir | Farm |
| 28:06 | Construir | House |
| 28:27 | Crear | Villager (Male) |
Build order — GuilleLeopold17
Primeras 150 de 279 acciones detectadas
| 0:03 | Crear | Villager (Male) |
| 0:03 | Crear | Villager (Male) |
| 0:03 | Crear | Villager (Male) |
| 0:04 | Crear | Villager (Male) |
| 0:06 | Construir | House |
| 0:10 | Construir | House |
| 1:37 | Crear | Villager (Male) |
| 2:03 | Crear | Villager (Male) |
| 2:25 | Crear | Villager (Male) |
| 2:25 | Crear | Villager (Male) |
| 2:25 | Crear | Villager (Male) |
| 2:46 | Construir | Lumber Camp |
| 3:03 | Crear | Villager (Male) |
| 3:03 | Crear | Villager (Male) |
| 3:03 | Crear | Villager (Male) |
| 3:04 | Crear | Villager (Male) |
| 3:40 | Crear | Villager (Male) |
| 3:41 | Crear | Villager (Male) |
| 3:41 | Crear | Villager (Male) |
| 4:26 | Construir | House |
| 4:27 | Construir | House |
| 4:39 | Crear | Villager (Male) ×4 |
| 4:39 | Crear | Villager (Male) ×4 |
| 4:39 | Crear | Villager (Male) ×4 |
| 5:31 | Construir | Mill |
| 5:39 | Crear | Villager (Male) |
| 5:39 | Crear | Villager (Male) |
| 5:40 | Crear | Villager (Male) |
| 5:40 | Crear | Villager (Male) |
| 6:18 | Crear | Villager (Male) |
| 6:18 | Crear | Villager (Male) |
| 6:35 | Crear | Villager (Male) |
| 6:36 | Crear | Villager (Male) |
| 6:36 | Crear | Villager (Male) |
| 8:35 | Construir | Palisade Wall |
| 8:38 | Investigar | Loom |
| 8:40 | Crear | Villager (Male) |
| 8:40 | Crear | Villager (Male) |
| 8:42 | Crear | Villager (Male) |
| 8:42 | Crear | Villager (Male) |
| 8:42 | Crear | Villager (Male) |
| 8:43 | Crear | Villager (Male) |
| 8:43 | Crear | Villager (Male) |
| 8:43 | Crear | Villager (Male) |
| 9:39 | Construir | Mining Camp |
| 9:41 | Crear | Villager (Male) |
| 9:41 | Crear | Villager (Male) |
| 9:57 | Construir | Palisade Wall |
| 10:55 | Investigar | Feudal Age |
| 11:11 | Construir | Barracks |
| 12:44 | Construir | Farm |
| 12:44 | Construir | Farm |
| 12:45 | Construir | Farm |
| 12:45 | Construir | Farm |
| 12:45 | Construir | Farm |
| 12:52 | Construir | Farm |
| 12:52 | Construir | Farm |
| 12:53 | Construir | Farm |
| 12:53 | Construir | Farm |
| 13:19 | Edad | Edad Feudal |
| 13:24 | Crear | Villager (Male) |
| 13:25 | Crear | Villager (Male) |
| 13:25 | Crear | Villager (Male) |
| 13:47 | Construir | Stable |
| 13:58 | Construir | House |
| 13:58 | Construir | House |
| 13:58 | Construir | House |
| 13:59 | Construir | House |
| 14:04 | Crear | Villager (Male) |
| 14:04 | Crear | Villager (Male) |
| 14:05 | Crear | Villager (Male) |
| 14:05 | Crear | Villager (Male) |
| 14:14 | Construir | House |
| 14:25 | Construir | Stone Wall |
| 15:13 | Crear | Scout Cavalry ×3 |
| 15:18 | Crear | Villager (Male) |
| 15:18 | Crear | Villager (Male) |
| 15:18 | Crear | Villager (Male) |
| 15:49 | Construir | Blacksmith |
| 16:26 | Construir | Stable |
| 16:46 | Investigar | Man-at-Arms (upgrade) |
| 16:52 | Crear | Villager (Male) |
| 16:52 | Crear | Villager (Male) |
| 16:52 | Crear | Villager (Male) |
| 17:10 | Construir | Farm |
| 17:10 | Construir | Farm |
| 17:10 | Construir | Farm |
| 17:41 | Crear | Scout Cavalry |
| 17:41 | Crear | Scout Cavalry |
| 17:42 | Crear | Scout Cavalry |
| 18:13 | Construir | Stone Wall |
| 18:33 | Crear | Scout Cavalry |
| 18:33 | Crear | Scout Cavalry |
| 18:34 | Crear | Scout Cavalry |
| 18:34 | Crear | Scout Cavalry |
| 18:45 | Construir | House |
| 18:45 | Construir | House |
| 18:46 | Construir | House |
| 18:46 | Construir | House |
| 18:46 | Construir | House |
| 18:55 | Construir | Market |
| 19:05 | Crear | Scout Cavalry |
| 19:06 | Crear | Scout Cavalry |
| 20:08 | Crear | Scout Cavalry |
| 20:09 | Crear | Scout Cavalry |
| 20:23 | Investigar | Bloodlines |
| 20:29 | Construir | Blacksmith |
| 21:22 | Construir | Mining Camp |
| 21:42 | Construir | Stone Wall |
| 22:05 | Construir | Lumber Camp |
| 22:12 | Investigar | Scale Barding Armor |
| 24:17 | Investigar | Castle Age |
| 24:36 | Construir | Farm |
| 26:16 | Crear | Villager (Male) |
| 26:16 | Crear | Villager (Male) |
| 26:22 | Crear | Villager (Male) |
| 26:22 | Crear | Villager (Male) |
| 26:33 | Construir | Mining Camp |
| 26:57 | Edad | Edad de los Castillos |
| 27:03 | Crear | Villager (Male) |
| 27:13 | Construir | Town Center |
| 27:17 | Crear | Villager (Male) |
| 27:17 | Crear | Villager (Male) |
| 27:26 | Crear | Unit 1944 |
| 27:26 | Crear | Unit 1944 |
| 27:26 | Crear | Unit 1944 |
| 27:27 | Crear | Unit 1944 |
| 27:44 | Crear | Unit 1944 ×5 |
| 27:44 | Crear | Unit 1944 ×5 |
| 27:44 | Crear | Unit 1944 ×5 |
| 28:00 | Investigar | Husbandry |
| 28:09 | Crear | Villager (Male) |
| 28:09 | Crear | Villager (Male) |
| 28:10 | Crear | Villager (Male) |
| 28:15 | Construir | Farm |
| 28:16 | Construir | Farm |
| 28:16 | Construir | Farm |
| 28:16 | Construir | Farm |
| 28:16 | Construir | Farm |
| 28:17 | Construir | Farm |
| 28:27 | Investigar | Horse Collar |
| 29:06 | Crear | Villager (Male) |
| 29:06 | Crear | Villager (Male) |
| 29:06 | Crear | Villager (Male) |
| 29:06 | Crear | Villager (Male) |
| 29:22 | Crear | Unit 1944 |
| 29:22 | Crear | Unit 1944 |
| 29:38 | Crear | Villager (Male) |
| 29:38 | Crear | Villager (Male) |
| 29:45 | Construir | Farm |
Build order — big B
Primeras 150 de 309 acciones detectadas
| 0:01 | Crear | Villager (Male) |
| 0:02 | Crear | Villager (Male) |
| 0:03 | Construir | House |
| 0:05 | Construir | House |
| 0:10 | Crear | Villager (Male) |
| 0:45 | Construir | Mill |
| 0:57 | Crear | Villager (Male) |
| 1:43 | Crear | Villager (Male) |
| 2:19 | Crear | Villager (Male) |
| 2:45 | Crear | Villager (Male) |
| 2:59 | Construir | House |
| 3:19 | Crear | Villager (Male) |
| 3:20 | Crear | Villager (Male) |
| 4:05 | Crear | Villager (Male) |
| 4:06 | Crear | Villager (Male) |
| 4:18 | Crear | Villager (Male) |
| 4:41 | Crear | Villager (Male) |
| 5:52 | Construir | Lumber Camp |
| 6:08 | Crear | Villager (Male) |
| 6:08 | Crear | Villager (Male) |
| 6:08 | Crear | Villager (Male) |
| 6:09 | Crear | Villager (Male) |
| 7:02 | Crear | Villager (Male) |
| 7:22 | Construir | House |
| 7:29 | Investigar | Loom |
| 7:31 | Crear | Villager (Male) |
| 8:19 | Crear | Villager (Male) |
| 8:19 | Crear | Villager (Male) |
| 8:20 | Crear | Villager (Male) |
| 8:47 | Investigar | Feudal Age |
| 9:48 | Crear | Villager (Male) |
| 9:48 | Crear | Villager (Male) |
| 10:07 | Crear | Villager (Male) |
| 10:45 | Construir | Mining Camp |
| 11:10 | Construir | House |
| 11:45 | Edad | Edad Feudal |
| 11:57 | Construir | Blacksmith |
| 12:16 | Construir | House |
| 12:48 | Construir | Market |
| 12:53 | Crear | Villager (Male) |
| 12:57 | Construir | Farm |
| 13:04 | Construir | Farm |
| 13:05 | Construir | Farm |
| 13:06 | Construir | Farm |
| 13:13 | Construir | Farm |
| 13:18 | Construir | House |
| 13:20 | Construir | House |
| 13:21 | Construir | House |
| 13:47 | Construir | Farm |
| 14:06 | Crear | Villager (Male) |
| 14:16 | Construir | Farm |
| 14:18 | Construir | Farm |
| 14:21 | Construir | Farm |
| 14:30 | Construir | Mining Camp |
| 14:42 | Investigar | Castle Age |
| 15:52 | Construir | Barracks |
| 16:34 | Investigar | Double-Bit Axe |
| 16:36 | Investigar | Horse Collar |
| 16:50 | Investigar | Gold Mining |
| 16:50 | Investigar | Stone Mining |
| 17:22 | Edad | Edad de los Castillos |
| 17:29 | Construir | Town Center |
| 17:35 | Crear | Villager (Male) |
| 17:36 | Crear | Villager (Male) |
| 17:36 | Crear | Villager (Male) |
| 17:36 | Crear | Villager (Male) |
| 18:03 | Construir | Stable |
| 18:17 | Investigar | Wheelbarrow |
| 18:23 | Crear | Villager (Male) |
| 18:58 | Crear | Villager (Male) |
| 19:16 | Investigar | Bloodlines |
| 19:17 | Investigar | Husbandry |
| 19:24 | Construir | Archery Range |
| 20:07 | Crear | Villager (Male) |
| 20:08 | Crear | Villager (Male) |
| 20:09 | Crear | Villager (Male) |
| 20:14 | Crear | Villager (Male) |
| 20:17 | Construir | Farm |
| 20:28 | Construir | Farm |
| 20:28 | Construir | Farm |
| 20:28 | Construir | Farm |
| 20:49 | Construir | House |
| 20:51 | Construir | House |
| 20:52 | Construir | House |
| 20:53 | Construir | House |
| 20:58 | Crear | Camel Scout ×3 |
| 21:20 | Crear | Villager (Male) |
| 21:20 | Crear | Villager (Male) |
| 21:31 | Construir | Farm |
| 21:31 | Construir | Farm |
| 21:35 | Construir | Farm |
| 21:41 | Construir | Farm |
| 21:45 | Construir | Farm |
| 21:46 | Crear | Villager (Male) |
| 21:58 | Crear | Camel Scout |
| 21:58 | Crear | Camel Scout |
| 22:27 | Construir | Stable |
| 22:32 | Crear | Villager (Male) |
| 22:34 | Crear | Villager (Male) |
| 22:34 | Crear | Villager (Male) |
| 22:58 | Construir | Town Center |
| 23:10 | Crear | Villager (Male) |
| 23:11 | Crear | Villager (Male) |
| 23:14 | Crear | Villager (Male) |
| 23:21 | Crear | Camel Scout |
| 23:22 | Crear | Camel Scout |
| 23:31 | Construir | House |
| 23:33 | Construir | House |
| 23:51 | Investigar | Scale Barding Armor |
| 24:14 | Construir | Farm |
| 24:16 | Construir | Farm |
| 24:21 | Construir | Farm |
| 24:37 | Crear | Camel Scout |
| 24:38 | Crear | Camel Scout |
| 24:38 | Crear | Camel Scout |
| 24:41 | Crear | Villager (Male) |
| 24:42 | Crear | Villager (Male) |
| 24:42 | Crear | Villager (Male) |
| 25:40 | Construir | Farm |
| 25:45 | Construir | House |
| 25:53 | Crear | Camel Scout |
| 25:53 | Crear | Camel Scout |
| 25:53 | Crear | Camel Scout |
| 26:05 | Crear | Villager (Male) |
| 26:07 | Investigar | Hand Cart |
| 26:09 | Crear | Villager (Male) |
| 26:09 | Crear | Villager (Male) |
| 26:17 | Crear | Villager (Male) |
| 26:21 | Construir | Farm |
| 26:21 | Construir | Farm |
| 26:26 | Crear | Villager (Male) |
| 26:26 | Crear | Villager (Male) |
| 26:39 | Investigar | Heavy Plow |
| 26:43 | Crear | Villager (Male) |
| 26:46 | Construir | Farm |
| 27:07 | Construir | Farm |
| 27:11 | Crear | Villager (Male) |
| 27:12 | Crear | Villager (Male) |
| 27:14 | Crear | Villager (Male) |
| 27:37 | Crear | Villager (Male) |
| 27:39 | Crear | Villager (Male) |
| 27:40 | Crear | Villager (Male) |
| 27:41 | Crear | Villager (Male) |
| 27:47 | Construir | House |
| 27:49 | Construir | House |
| 27:50 | Construir | House |
| 27:51 | Construir | House |
| 27:52 | Construir | House |
| 28:22 | Crear | Villager (Male) |
| 28:22 | Crear | Villager (Male) |
Build order — Blackice
Primeras 150 de 475 acciones detectadas
| 0:01 | Crear | Villager (Male) |
| 0:01 | Crear | Villager (Male) |
| 0:01 | Crear | Villager (Male) |
| 0:02 | Crear | Villager (Male) |
| 0:03 | Construir | House |
| 0:05 | Construir | House |
| 1:26 | Crear | Villager (Male) |
| 1:26 | Crear | Villager (Male) |
| 1:51 | Construir | Lumber Camp |
| 2:09 | Construir | Lumber Camp |
| 2:15 | Crear | Villager (Male) |
| 2:15 | Crear | Villager (Male) |
| 2:27 | Crear | Villager (Male) |
| 2:27 | Crear | Villager (Male) |
| 2:27 | Crear | Villager (Male) |
| 2:54 | Crear | Villager (Male) |
| 2:54 | Crear | Villager (Male) |
| 2:55 | Crear | Villager (Male) |
| 3:15 | Crear | Villager (Male) |
| 3:15 | Crear | Villager (Male) |
| 3:52 | Construir | House |
| 4:06 | Crear | Villager (Male) |
| 4:07 | Crear | Villager (Male) |
| 5:25 | Crear | Villager (Male) |
| 5:26 | Crear | Villager (Male) |
| 5:26 | Crear | Villager (Male) |
| 5:26 | Crear | Villager (Male) |
| 5:26 | Crear | Villager (Male) |
| 5:35 | Construir | House |
| 6:30 | Construir | Mill |
| 7:34 | Crear | Villager (Male) |
| 7:34 | Crear | Villager (Male) |
| 7:34 | Crear | Villager (Male) |
| 7:35 | Crear | Villager (Male) |
| 7:38 | Crear | Villager (Male) |
| 7:39 | Crear | Villager (Male) |
| 7:39 | Crear | Villager (Male) |
| 9:03 | Investigar | Loom |
| 9:05 | Investigar | Feudal Age |
| 9:26 | Construir | Mining Camp |
| 10:45 | Construir | Barracks |
| 10:47 | Construir | House |
| 11:51 | Construir | House |
| 12:03 | Crear | Villager (Male) |
| 12:04 | Crear | Villager (Male) |
| 12:14 | Edad | Edad Feudal |
| 12:17 | Construir | Archery Range |
| 12:21 | Construir | Archery Range |
| 12:27 | Investigar | Horse Collar |
| 12:29 | Investigar | Double-Bit Axe |
| 12:33 | Crear | Villager (Male) |
| 13:14 | Crear | Archer |
| 13:21 | Construir | House |
| 13:28 | Crear | Archer |
| 13:58 | Crear | Villager (Male) |
| 13:58 | Crear | Villager (Male) |
| 13:58 | Crear | Villager (Male) |
| 13:58 | Crear | Villager (Male) |
| 14:06 | Crear | Archer |
| 14:08 | Crear | Archer |
| 14:15 | Construir | Blacksmith |
| 14:19 | Construir | House |
| 14:25 | Crear | Villager (Male) |
| 14:25 | Crear | Villager (Male) |
| 14:28 | Crear | Archer |
| 14:29 | Crear | Archer |
| 15:01 | Crear | Archer |
| 15:01 | Crear | Archer |
| 15:06 | Investigar | Fletching |
| 15:38 | Construir | Palisade Wall |
| 15:56 | Investigar | Padded Archer Armor |
| 16:14 | Crear | Villager (Male) |
| 16:15 | Crear | Villager (Male) |
| 16:15 | Crear | Villager (Male) |
| 16:42 | Crear | Villager (Male) |
| 16:42 | Crear | Villager (Male) |
| 17:11 | Crear | Villager (Male) |
| 17:11 | Crear | Villager (Male) |
| 17:18 | Construir | Archery Range |
| 18:25 | Crear | Villager (Male) |
| 18:25 | Crear | Villager (Male) |
| 18:25 | Crear | Villager (Male) |
| 19:10 | Construir | Lumber Camp |
| 19:15 | Crear | Archer |
| 19:15 | Crear | Archer |
| 19:15 | Crear | Archer |
| 19:24 | Construir | House |
| 19:40 | Construir | Archery Range |
| 19:54 | Construir | House |
| 20:08 | Construir | Lumber Camp |
| 20:15 | Construir | House |
| 20:16 | Construir | House |
| 20:25 | Crear | Militia |
| 21:03 | Crear | Archer |
| 21:03 | Crear | Archer |
| 21:03 | Crear | Archer |
| 21:03 | Crear | Archer |
| 21:18 | Construir | House |
| 21:35 | Construir | House |
| 21:56 | Crear | Archer |
| 22:02 | Construir | Farm |
| 22:02 | Construir | Farm |
| 22:03 | Construir | Farm |
| 22:03 | Construir | Farm |
| 22:03 | Construir | Farm |
| 22:03 | Construir | Farm |
| 22:04 | Construir | Farm |
| 22:04 | Construir | Farm |
| 22:04 | Construir | Farm |
| 22:05 | Construir | Farm |
| 22:39 | Construir | Palisade Wall |
| 23:01 | Crear | Archer |
| 23:03 | Crear | Archer |
| 23:41 | Construir | House |
| 23:44 | Construir | House |
| 23:46 | Construir | House |
| 24:07 | Construir | House |
| 24:10 | Construir | House |
| 24:38 | Crear | Villager (Male) |
| 24:38 | Crear | Villager (Male) |
| 24:38 | Crear | Villager (Male) |
| 25:48 | Construir | Palisade Gate |
| 25:57 | Investigar | Wheelbarrow |
| 26:00 | Crear | Villager (Male) |
| 26:01 | Crear | Villager (Male) |
| 26:01 | Crear | Villager (Male) |
| 26:10 | Crear | Archer |
| 26:11 | Crear | Archer |
| 26:17 | Construir | House |
| 26:20 | Construir | House |
| 26:21 | Construir | House |
| 26:22 | Construir | House |
| 26:23 | Construir | House |
| 26:24 | Construir | House |
| 26:25 | Construir | House |
| 26:26 | Construir | House |
| 26:29 | Construir | House |
| 26:37 | Crear | Archer |
| 26:37 | Crear | Archer |
| 26:37 | Crear | Archer |
| 26:40 | Crear | Archer |
| 26:47 | Investigar | Gold Mining |
| 26:48 | Investigar | Gold Mining |
| 27:09 | Crear | Archer |
| 27:09 | Crear | Archer |
| 27:14 | Crear | Villager (Male) |
| 27:14 | Crear | Villager (Male) |
| 27:24 | Construir | Mining Camp |
| 27:37 | Crear | Archer |
| 27:38 | Crear | Archer |
Build order — felipegarcia92
Primeras 150 de 584 acciones detectadas
| 0:01 | Crear | Villager (Male) |
| 0:01 | Crear | Villager (Male) |
| 0:01 | Crear | Villager (Male) |
| 0:03 | Construir | House |
| 0:05 | Construir | House |
| 0:30 | Crear | Villager (Male) |
| 0:30 | Crear | Villager (Male) |
| 1:31 | Crear | Villager (Male) |
| 2:03 | Crear | Villager (Male) |
| 2:17 | Crear | Villager (Male) |
| 2:53 | Crear | Villager (Male) |
| 2:54 | Crear | Villager (Male) |
| 3:23 | Crear | Villager (Male) |
| 3:31 | Construir | House |
| 3:51 | Crear | Villager (Male) |
| 3:51 | Crear | Villager (Male) |
| 3:56 | Construir | Mill |
| 4:07 | Crear | Villager (Male) |
| 4:07 | Crear | Villager (Male) |
| 4:37 | Investigar | Loom |
| 4:59 | Construir | Lumber Camp |
| 5:08 | Crear | Villager (Male) |
| 5:08 | Crear | Villager (Male) |
| 5:08 | Crear | Villager (Male) |
| 5:29 | Crear | Villager (Male) |
| 5:30 | Crear | Villager (Male) |
| 5:56 | Crear | Villager (Male) |
| 6:12 | Crear | Villager (Male) |
| 6:24 | Crear | Villager (Male) |
| 6:25 | Crear | Villager (Male) |
| 6:45 | Construir | House |
| 6:58 | Crear | Villager (Male) |
| 7:26 | Crear | Villager (Male) |
| 7:59 | Construir | Mill |
| 8:08 | Construir | Mining Camp |
| 8:13 | Crear | Villager (Male) |
| 8:14 | Crear | Villager (Male) |
| 8:38 | Construir | Mining Camp |
| 10:00 | Investigar | Feudal Age |
| 10:00 | Investigar | Feudal Age |
| 10:19 | Construir | Barracks |
| 10:25 | Construir | House |
| 10:47 | Crear | Villager (Male) |
| 10:47 | Crear | Villager (Male) |
| 11:27 | Construir | House |
| 11:37 | Crear | Militia |
| 11:38 | Crear | Militia |
| 12:10 | Edad | Edad Feudal |
| 12:14 | Construir | Stable |
| 12:16 | Crear | Villager (Male) |
| 12:19 | Crear | Militia |
| 12:25 | Investigar | Double-Bit Axe |
| 12:39 | Construir | Farm |
| 12:43 | Crear | Militia |
| 13:01 | Construir | Blacksmith |
| 13:10 | Construir | Farm |
| 13:13 | Construir | Farm |
| 13:13 | Construir | Farm |
| 13:13 | Construir | Farm |
| 13:18 | Construir | Farm |
| 13:24 | Crear | Villager (Male) |
| 13:26 | Crear | Villager (Male) |
| 13:36 | Crear | Villager (Male) |
| 13:39 | Crear | Militia |
| 13:39 | Crear | Militia |
| 13:46 | Construir | Farm |
| 14:01 | Construir | Farm |
| 14:23 | Construir | House |
| 14:30 | Investigar | Wheelbarrow |
| 15:02 | Crear | Spearman |
| 15:02 | Crear | Spearman |
| 15:02 | Crear | Spearman |
| 15:05 | Crear | Villager (Male) |
| 15:05 | Crear | Villager (Male) |
| 16:25 | Crear | Villager (Male) |
| 16:38 | Construir | House |
| 16:40 | Construir | House |
| 17:21 | Crear | Villager (Male) |
| 17:21 | Crear | Villager (Male) |
| 17:36 | Construir | Farm |
| 17:37 | Construir | Farm |
| 17:37 | Construir | Farm |
| 17:38 | Construir | Farm |
| 17:46 | Crear | Spearman |
| 17:46 | Crear | Spearman |
| 17:46 | Crear | Spearman |
| 17:47 | Crear | Militia |
| 17:47 | Crear | Militia |
| 17:57 | Crear | Villager (Male) |
| 18:03 | Crear | Scout Cavalry |
| 18:03 | Crear | Scout Cavalry |
| 18:03 | Crear | Scout Cavalry |
| 18:11 | Crear | Spearman |
| 18:14 | Crear | Militia |
| 18:24 | Construir | Farm |
| 19:48 | Construir | Farm |
| 19:56 | Construir | Farm |
| 19:56 | Construir | Farm |
| 20:06 | Crear | Spearman |
| 20:07 | Crear | Spearman |
| 20:10 | Crear | Scout Cavalry |
| 20:38 | Crear | Villager (Male) |
| 20:39 | Crear | Villager (Male) |
| 21:08 | Construir | House |
| 21:08 | Construir | House |
| 21:09 | Construir | House |
| 21:09 | Construir | House |
| 21:18 | Crear | Villager (Male) |
| 21:26 | Investigar | Double-Bit Axe |
| 21:30 | Investigar | Horse Collar |
| 21:35 | Crear | Villager (Male) |
| 21:36 | Crear | Villager (Male) |
| 22:03 | Crear | Villager (Male) |
| 22:05 | Construir | Mill |
| 22:07 | Construir | Farm |
| 22:36 | Construir | Farm |
| 22:37 | Crear | Villager (Male) |
| 22:47 | Investigar | Bloodlines |
| 22:50 | Construir | Farm |
| 22:55 | Crear | Villager (Male) |
| 23:05 | Construir | Farm |
| 23:14 | Construir | Farm |
| 23:17 | Construir | Farm |
| 23:19 | Crear | Villager (Male) |
| 23:42 | Construir | House |
| 23:44 | Construir | House |
| 23:51 | Construir | Farm |
| 23:59 | Crear | Villager (Male) |
| 24:05 | Construir | Farm |
| 24:07 | Crear | Spearman |
| 24:07 | Crear | Spearman |
| 24:07 | Crear | Spearman |
| 24:14 | Crear | Villager (Male) |
| 24:36 | Construir | Farm |
| 24:54 | Crear | Villager (Male) |
| 25:24 | Construir | Farm |
| 25:27 | Investigar | Castle Age |
| 25:41 | Investigar | Scale Mail Armor |
| 25:56 | Crear | Spearman |
| 26:06 | Construir | Farm |
| 26:12 | Investigar | Forging |
| 26:22 | Crear | Scout Cavalry |
| 26:22 | Crear | Scout Cavalry |
| 26:22 | Crear | Scout Cavalry |
| 26:26 | Crear | Militia |
| 26:27 | Crear | Militia |
| 27:10 | Construir | House |
| 27:11 | Construir | House |
| 27:30 | Investigar | Scale Barding Armor |
| 27:40 | Crear | Villager (Male) |
Cronología de la partida
| 7:46 | vitavidal91 · wall_segment Palisade Wall x12 |
| 8:35 | GuilleLeopold17 · wall_segment Palisade Wall x39 |
| 9:12 | Sculpted Plectrum · age_up feudal |
| 9:35 | Sculpted Plectrum · first_building Barracks |
| 9:57 | GuilleLeopold17 · wall_segment Palisade Wall x28 |
| 10:07 | vitavidal91 · wall_segment Palisade Wall x9 |
| 10:19 | felipegarcia92 · first_building Barracks |
| 10:23 | Sculpted Plectrum · first_building Stable |
| 10:44 | Six · age_up feudal |
| 10:45 | Blackice · first_building Barracks |
| 11:11 | GuilleLeopold17 · first_building Barracks |
| 11:45 | big B · age_up feudal |
| 12:10 | felipegarcia92 · age_up feudal |
| 12:14 | Blackice · age_up feudal |
| 12:14 | felipegarcia92 · first_building Stable |
| 12:17 | Blackice · first_building Archery Range |
| 12:22 | tatomagallanes · age_up feudal |
| 12:25 | vitavidal91 · age_up feudal |
| 13:19 | GuilleLeopold17 · age_up feudal |
| 13:47 | GuilleLeopold17 · first_building Stable |
| 14:25 | GuilleLeopold17 · wall_segment Stone Wall x1 |
| 15:23 | vitavidal91 · first_building Barracks |
| 15:32 | vitavidal91 · wall_segment Stone Wall x1 |
| 15:38 | Blackice · wall_segment Palisade Wall x18 |
| 15:52 | big B · first_building Barracks |
| 16:18 | tatomagallanes · age_up castle |
| 16:28 | vitavidal91 · wall_segment Stone Wall x18 |
| 16:39 | Sculpted Plectrum · wall_segment Stone Wall x14 |
| 17:01 | vitavidal91 · wall_segment Stone Wall x1 |
| 17:07 | vitavidal91 · wall_segment Stone Wall x4 |
| 17:22 | big B · age_up castle |
| 17:46 | Six · age_up castle |
| 18:03 | big B · first_building Stable |
| 18:03 | vitavidal91 · wall_segment Stone Wall x12 |
| 18:13 | GuilleLeopold17 · wall_segment Stone Wall x12 |
| 19:12 | Six · first_building Barracks |
| 19:24 | big B · first_building Archery Range |
| 20:20 | GuilleLeopold17 · first_market_buy 100 food |
| 20:56 | vitavidal91 · wall_segment Stone Wall x11 |
| 21:00 | Six · first_building Stable |
| 21:23 | tatomagallanes · first_building Barracks |
| 21:27 | vitavidal91 · wall_segment Stone Wall x6 |
| 21:36 | Six · first_market_buy 100 food |
| 21:42 | GuilleLeopold17 · wall_segment Stone Wall x1 |
| 21:53 | Sculpted Plectrum · age_up castle |
| 22:38 | vitavidal91 · first_building Archery Range |
| 22:39 | Blackice · wall_segment Palisade Wall x2 |
| 24:10 | vitavidal91 · wall_segment Stone Wall x4 |
| 25:15 | Six · first_building Castle |
| 26:10 | Six · first_building Siege Workshop |
| 26:11 | vitavidal91 · age_up castle |
| 26:57 | GuilleLeopold17 · age_up castle |
| 27:05 | tatomagallanes · first_building Castle |
| 28:07 | felipegarcia92 · age_up castle |
| 28:44 | felipegarcia92 · first_building Castle |
| 28:49 | vitavidal91 · first_building Siege Workshop |
| 29:15 | tatomagallanes · tribute_sent a jugador 1 |
| 29:15 | tatomagallanes · tribute_sent a jugador 2 |
| 29:15 | tatomagallanes · tribute_sent a jugador 3 |
| 29:15 | tatomagallanes · tribute_sent a jugador 4 |
| 29:16 | tatomagallanes · tribute_sent a jugador 5 |
| 29:16 | tatomagallanes · tribute_sent a jugador 7 |
| 29:16 | tatomagallanes · tribute_sent a jugador 8 |
| 32:00 | GuilleLeopold17 · first_building Monastery |
| 32:16 | vitavidal91 · wall_segment Stone Wall x2 |
| 32:39 | Sculpted Plectrum · first_building Monastery |
| 32:47 | Six · first_market_sell 100 stone |
| 33:11 | vitavidal91 · first_building Castle |
| 33:17 | Sculpted Plectrum · first_building Siege Workshop |
| 33:40 | GuilleLeopold17 · first_building Castle |
| 33:43 | big B · wall_segment Stone Wall x8 |
| 33:45 | Six · age_up imperial |
| 34:04 | big B · wall_segment Stone Wall x12 |
| 34:28 | Blackice · age_up castle |
| 35:52 | big B · first_building Castle |
| 36:12 | Sculpted Plectrum · first_building Castle |
| 36:19 | tatomagallanes · age_up imperial |
| 36:32 | GuilleLeopold17 · wall_segment Stone Wall x34 |
| 36:47 | felipegarcia92 · first_building Krepost |
| 37:31 | Sculpted Plectrum · age_up imperial |
| 37:31 | big B · wall_segment Stone Wall x12 |
| 37:53 | big B · first_building Siege Workshop |
| 38:08 | big B · wall_segment Stone Wall x13 |
| 38:25 | vitavidal91 · first_building Monastery |
| 38:26 | felipegarcia92 · first_building Siege Workshop |
| 38:58 | GuilleLeopold17 · first_building Siege Workshop |
| 39:01 | felipegarcia92 · age_up imperial |
| 39:12 | vitavidal91 · first_market_sell 100 food |
| 39:19 | big B · wall_segment Stone Wall x3 |
| 39:45 | GuilleLeopold17 · age_up imperial |
| 39:49 | Blackice · first_building Monastery |
| 40:16 | big B · age_up imperial |
| 44:23 | GuilleLeopold17 · first_market_sell 100 food |
| 44:23 | Blackice · wall_segment Palisade Wall x2 |
| 44:26 | Blackice · wall_segment Palisade Wall x2 |
| 44:27 | Blackice · wall_segment Palisade Wall x5 |
| 44:29 | Blackice · wall_segment Palisade Wall x5 |
| 44:31 | Blackice · wall_segment Palisade Wall x1 |
| 45:04 | vitavidal91 · age_up imperial |
| 46:12 | Blackice · age_up imperial |
| 46:38 | felipegarcia92 · first_building Archery Range |
| 48:35 | tatomagallanes · first_market_sell 100 food |
| 49:03 | Blackice · first_building Stable |
| 49:39 | Blackice · first_building Castle |
| 53:45 | GuilleLeopold17 · first_building Archery Range |
| 56:05 | Blackice · first_market_sell 500 wood |
| 61:26 | GuilleLeopold17 · resign |
[ ANÁLISIS IA · 1 CRÉDITO ]
¿Qué pasó realmente en esta partida?
Wolo.gg analiza cada decisión: build order, eco, micro, errores típicos por bracket. Análisis personalizado por WhatsApp o Discord en 30 segundos.
Guía civ
Godos
Perfil
Jugador #18791477